 Dungeon Crawl Stone Soup version 0.30-a0-561-g1b0378597e (webtiles) character file.

Game seed: 14089024596362359046

782 M4edhros the Ducker (level 7, -16/49 HPs)
             Began as an Octopode Chaos Knight on Dec 28, 2022.
             Was a Plaything of Xom.
             Demolished by a gnoll sergeant
             ... wielding a +1 heavy trident
              (20 damage)
             ... on level 6 of the Dungeon.
             The game lasted 00:08:38 (4711 turns).

M4edhros the Ducker (Octopode Chaos Knight)         Turns: 4711, Time: 00:08:39

Health: -16/49     AC:  1    Str: 12    XL:     7   Next: 86%
Magic:  7/7        EV: 15    Int: 14    God:    Xom [...*..]
Gold:   110        SH:  0    Dex: 13    Spells: 5/6 levels left

rFire   + . .      SeeInvis .    a - +0 mace (chaos)
rCold   + . .      Faith    .    (no shield)
rNeg    . . .      Spirit   .    (helmet restricted)
rPois   +          Reflect  .    (no amulet)
rElec   +          Harm     .    (no ring)
rCorr   +          Rampage  .    (no ring)
Will    .....      Clarity  +    (no ring)
Stlth   ++                       (no ring)
HPRegen 1.08/turn                (no ring)
MPRegen 0.10/turn                (no ring)
                                 (no ring)
                                 (no ring)

@: resistant, on berserk cooldown, slowed, very slow
A: almost no armour, amphibious, 8 rings, camouflage 1, gelatinous body 1,
(nimble swimmer 1), tentacles, clarity, poison resistance, regeneration 1
a: Renounce Religion


You were on level 6 of the Dungeon.
You worshipped Xom.
You were a favourite toy of Xom.
You visited 1 branch of the dungeon, and saw 6 of its levels.

You collected 110 gold pieces.

Inventory:

Hand Weapons
 a - a +0 mace of chaos (weapon)
Missiles
 g - 37 stones
 n - 3 javelins
Scrolls
 e - 2 scrolls of blinking {unknown}
 f - 2 scrolls of identify {unknown}
 i - a scroll of torment {unknown}
 j - a scroll of magic mapping {unknown}
 k - a scroll of enchant armour {unknown}
 m - a scroll of brand weapon {unknown}
Potions
 c - a potion of berserk rage
 d - a potion of curing
 h - a potion of lignification
Miscellaneous
 b - a piece from Xom's chessboard (15/15) (quivered)


   Skills:
 + Level 4.9 Fighting
 + Level 4.8 Maces & Flails
 * Level 5.4 Dodging
 + Level 2.7 Transmutations
 + Level 3.2 Poison Magic


You had 5 spell levels left.
You knew the following spells:

 Your Spells              Type           Power      Damage    Failure   Level
a - Sting                 Tmut/Pois      32%        1d4       9%          1

Your spell library contained the following spells:

 Spells                   Type           Power      Damage    Failure   Level
 Summon Forest            Summ/Tloc      0%         N/A       100%        5
 Eringya's Noxious Bog    Tmut/Pois      4%         N/A       100%        6
 Summon Hydra             Summ           0%         N/A       100%        7


Dungeon Overview and Level Annotations

Branches:
Dungeon (6/15)
 Temple: D:4-7

Altars:
Hepliaklqana
Sif Muna
Trog
Vehumet
Yredelemnul

Shops:
D:5 =

Annotations:
D:5 exclusion: ice beast
D:6 1 runed translucent door, Mercurial's ghost, amateur MiFi


Innate Abilities, Weirdness & Mutations

You cannot wear most types of armour.
You are amphibious.
You can wear up to eight rings at the same time.
Your skin changes colour to match your surroundings (Stealth+).
Your rubbery body absorbs attacks. (AC +1, EV +1)
((You are camouflaged when in or above water. (Stealth+)))
You have tentacles for arms and can constrict up to eight enemies at once.
You possess an exceptional clarity of mind.
Your system is resistant to poisons. (rPois)
Your natural rate of healing is unusually fast.


Message History

You kill the sky beast!
The gnoll sergeant hits you but does no damage.
You are too berserk!
You swing at nothing.
You cannot move.
You cannot move.
You feel a strong urge to attack something.
The gnoll sergeant hits you from afar with a +1 heavy trident!
You feel your anger nearly subside.
You feel less wooden.
You are no longer berserk.
You are exhausted.
You feel yourself slow down.
The gnoll sergeant hits you from afar with a +1 heavy trident.
* * * LOW HITPOINT WARNING * * *
It was a potion of curing.
You feel better. The gnoll sergeant misses you.
The gnoll sergeant closely misses you.
You hit the gnoll sergeant but do no damage.
The gnoll sergeant seems to speed up.
You grab the gnoll sergeant. You squeeze the gnoll sergeant.
The gnoll sergeant is lightly wounded.
You constrict the gnoll sergeant, but do no damage.
The gnoll sergeant closely misses you.
You hit the gnoll sergeant.
The gnoll sergeant suddenly seems more agile.
The gnoll sergeant is lightly wounded.
You constrict the gnoll sergeant, but do no damage.
The gnoll sergeant barely misses you. The gnoll sergeant misses you.
You hit the gnoll sergeant.
The gnoll sergeant is lightly wounded.
You constrict the gnoll sergeant.
The gnoll sergeant hits you with a +1 heavy trident!
You emit a cloud of colourful smoke!
The gnoll sergeant hits you with a +1 heavy trident!
* * * LOW HITPOINT WARNING * * *
You feel better.
You constrict the gnoll sergeant.
The gnoll sergeant hits you with a +1 heavy trident!
* * * LOW HITPOINT WARNING * * *
The gnoll sergeant hits you with a +1 heavy trident!!
You die...
Xom thinks this is hilarious!

** ,
+.......#'#.#.#....,* * *
+...............#,*,* *
.♣♣♣.*####......##+###,*,
**.....**
#......#FF~#*,*,* ######*
#......#~~~#,, ,, *
#.....####......#~~~#, ,
#............####W~~#,**
* #........§g.....#~!~# *
*
###..#..☼@...####~~~#,*,,
#.,#...§§..# *~~~ , , #,
#.......# *~~~*, ,, *
,#....#### *~~ ,* ,,
,#....# ** * ,*,,, *****
,,#....# * ,,,,* ,* **
,,,,, ,#....# * ,, * ,*
,,, ,,,,,,,###### **
**,,, , ****, ,,,,,*
,,,,,,,* * *,** *


You could see a gnoll sergeant (fast, agile).

Vanquished Creatures
  A water moccasin (D:5)
  A black bear (D:5)
  A sky beast (D:6)
  2 centaurs (D:5)
  A phantom (D:5)
  A scorpion (D:5)
  A hound (D:5)
  An orc wizard (D:5)
  3 adders
  4 gnolls
  2 white imps
  A worm (D:2)
  11 orcs
  3 endoplasms (D:1)
  2 giant cockroaches (D:1)
  A goblin (D:1)
  5 hobgoblins
  3 quokkas
  3 ball pythons (D:1)
  3 bats
  4 frilled lizards
  6 kobolds
  11 rats
71 creatures vanquished.

Notes
Turn   | Place    | Note
-------+----------+-------------------------------------------
     0 | D:1      | M4edhros the Octopode Chaos Knight began the quest for the
                  | Orb.
     0 | D:1      | Reached XP level 1. HP: 16/16 MP: 1/1
   256 | D:1      | XOM: divination: detect items
  1270 | D:1      | XOM is BORED!
  1270 | D:1      | XOM: 1-stop teleportation journey
  1288 | D:1      | XOM: 2-stop teleportation journey
  1321 | D:1      | XOM: 1-stop teleportation journey
  1346 | D:1      | Reached XP level 2. HP: 17/21 MP: 2/2
  1401 | D:1      | Found a faded altar of an unknown god.
  1728 | D:1      | Reached XP level 3. HP: 26/26 MP: 3/3
  1889 | D:1      | XOM: 9-stop teleportation journey
  2006 | D:1      | XOM: 2-stop teleportation journey
  2265 | D:1      | XOM: god gift: 3 stones
  2614 | D:1      | XOM: give mutations
  2614 | D:1      | Gained mutation: You possess an exceptional clarity of
                  | mind. [Xom's grace]
  2614 | D:1      | Gained mutation: Your system is resistant to poisons.
                  | (rPois) [Xom's grace]
  2614 | D:1      | Gained mutation: Your natural rate of healing is unusually
                  | fast. [Xom's grace]
  3075 | D:1      | XOM: stat loss: -1 Dex (12/13)
  3340 | D:1      | XOM: summons 1 hostile demon
  3406 | D:2      | Reached skill level 3 in Dodging
  3507 | D:3      | Found a hazy altar of Hepliaklqana.
  3684 | D:3      | Found a bloodstained altar of Trog.
  3694 | D:3      | Reached XP level 4. HP: 27/33 MP: 4/4
  3703 | D:3      | Found a shimmering blue altar of Sif Muna.
  3716 | D:3      | Got Sif Muna's Writings on Transfiguration
  3723 | D:3      | Learned a level 1 spell: Sting
  3811 | D:4      | XOM: noise
  3821 | D:5      | Entered Level 5 of the Dungeon
  3886 | D:6      | Noticed a water moccasin
  3886 | D:6      | Found a basalt altar of Yredelemnul.
  3983 | D:5      | a hound changed into a centaur
  3983 | D:5      | Noticed a centaur
  3983 | D:5      | XOM: polymorph hound -> centaur
  3990 | D:5      | Killed a centaur
  3991 | D:5      | Reached skill level 1 in Transmutations
  3991 | D:5      | Reached skill level 1 in Poison Magic
  3991 | D:5      | Reached XP level 5. HP: 25/37 MP: 5/5
  4094 | D:5      | Noticed a black bear
  4104 | D:5      | Killed a black bear
  4105 | D:5      | Reached skill level 4 in Dodging
  4105 | D:5      | Reached XP level 6. HP: 36/43 MP: 6/6
  4154 | D:5      | XOM: butterfly on damage
  4220 | D:5      | Reached XP level 7. HP: 45/49 MP: 7/7
  4223 | D:5      | XOM: cast spell 'Chain of Chaos'
  4227 | D:5      | XOM: summons 1 hostile demon
  4343 | D:5      | Found Imnono's Jewellery Emporium.
  4357 | D:5      | Found a radiant altar of Vehumet.
  4377 | D:5      | Reached skill level 5 in Dodging
  4662 | D:6      | Found a runed translucent door.
  4662 | D:6      | Noticed Mercurial's ghost (amateur MiFi)
  4686 | D:6      | XOM: divination: magic mapping
  4693 | D:6      | XOM: enchant monster (bad)
  4710 | D:6      | XOM: smoke on damage
  4711 | D:6      | Demolished by a gnoll sergeant

Illustrated notes

Levels and vault maps discovered:
D:1:      dpeg_arrival_ratfight, layout_loops_corners,
          dreamdust_ecumenical_altar_angels_and_demons
D:2:      layout_loops_cross, chequers_serial_rivers_large_a,
          hangedman_decor_riveting
D:3:      layout_loops_corners, nzn_overflow_gifts_of_might_and_magic,
          worldfamousw_hep_ancestral_shrine
D:4:      layout_loops_ring, nicolae_gozag_cash_rules_everything_around_me,
          ebering_dispersal_statue_hall, uniq_eustachio, uniq_menkaure
D:5:      layout_basic, vehumet_crystals, minmay_misc_feat_cross,
          nicolae_take_the_stairs, minmay_strange_pillars, serial_park_tiny_1,
          dk_noncrumbling_3, nicolae_hexahallways
D:6:      dreamdust_elfheim, layout_basic, mainiacjoe_overflow_alcove_4,
          overflow_temple_1_default, ebering_ghost_sewer_f

Skill      XL: |  1  2  3  4  5  6  7 |
---------------+----------------------+-----
Dodging        | 3 4 5 |  5.4
Fighting       | 4 |  4.9
Maces & Flails | 4 |  4.8
Transmutations | 1 2 |  2.7
Poison Magic   | 1 2 3 |  3.2

Action                   |  1- 3 |  4- 6 |  7- 9 || total
-------------------------+-------+-------+-------++-------
Melee: Mace              |    80 |    35 |    67 ||   182
       Constrict         |    20 |     5 |    14 ||    39
       Tentacles         |    15 |     8 |    11 ||    34
       Punch             |     1 |     2 |       ||     3
 Cast: Sting             |       |       |     1 ||     1
Evoke: Piece from Xom's  |       |     3 |       ||     3
  Use: Potion            |       |     1 |     5 ||     6
 Stab: Sleeping          |    11 |     1 |     2 ||    14
Armor: Skin              |     5 |     4 |    34 ||    43
Dodge: Dodged            |    41 |    36 |    34 ||   111

Table legend: (Time is in decaauts)
 A = Elapsed time spent in this place.
 B = Non-inter-level travel time spent in this place.
 C = Inter-level travel time spent in this place.
 D = Time resting spent in this place.
 E = Time spent auto-exploring this place.
 F = Levels seen in this place.
 G = Mean time per level.
                   A        B        C        D        E       F      G
               +--------+--------+--------+--------+--------+-----+--------+
         Total |   4747 |   4648 |     99 |   2339 |   1524 |   6 |  791.2 |
       Dungeon |   4747 |   4648 |     99 |   2339 |   1524 |   6 |  791.2 |
               +--------+--------+--------+--------+--------+-----+--------+

Top non-repeatable levels by time:
     D:1: 3358 daAuts
     D:5: 793 daAuts
     D:3: 339 daAuts
     D:2: 131 daAuts
     D:6: 67 daAuts
     D:4: 57 daAuts
